 Dungeon Crawl Stone Soup version 0.29-a0-88-g03a7b78be7 (webtiles) character file.

Game seed: 15439334078177375850

9 Cecur the Firebug (level 2, 0/17 HPs)
             Began as an Octopode Fire Elementalist on Feb 5, 2022.
             Was a Follower of Trog.
             Slain by a giant cockroach (1 damage)
             ... on level 1 of the Dungeon.
             The game lasted 00:01:31 (872 turns).

Cecur the Firebug (Octopode Fire Elementalist)       Turns: 872, Time: 00:01:31

Health: 0/17       AC:  1    Str:  7    XL:     2   Next: 16%
Magic:  5/5        EV: 13    Int: 17    God:    Trog [*.....]
Gold:   31         SH:  0    Dex: 12    Spells: 4/5 levels left

rFire   . . .      SeeInvis .   (no weapon)
rCold   . . .      Faith    .   (no shield)
rNeg    . . .      Spirit   .   (helmet restricted)
rPois   .          Reflect  .   (no amulet)
rElec   .          Harm     .   (no ring)
rCorr   .          Rampage  .   (no ring)
Will    .....                   (no ring)
Stlth   +++.......              (no ring)
HPRegen 0.05/turn               (no ring)
MPRegen 0.09/turn               (no ring)
                                (no ring)
                                (no ring)

@: no status effects
A: almost no armour, amphibious, 8 rings, camouflage 1, gelatinous body 1,
(nimble swimmer 1), tentacles
a: Renounce Religion, Berserk


You were on level 1 of the Dungeon.
You worshipped Trog.
Trog was aware of your devotion.
You visited 1 branch of the dungeon, and saw 1 of its levels.

You collected 31 gold pieces.

Inventory:

Magical Staves
 f - a staff of death
Jewellery
 i - a ring of flight
Wands
 k - a wand of flame (13)
Scrolls
 a - a scroll of identify {unknown}
 d - a scroll of acquirement {unknown}
 e - a scroll of silence {unknown}
Potions
 b - a potion of mutation {unknown}
 c - a potion of flight {unknown}
 g - a potion of curing {unknown}
 h - a potion of heal wounds {unknown}
 j - a potion of magic {unknown}


   Skills:
 + Level 2.2 Dodging
 + Level 2.6 Stealth
 - Level 2.0 Spellcasting
 - Level 1.0 Conjurations
 - Level 3.4 Fire Magic


You had 4 spell levels left.
You knew the following spells:

 Your Spells              Type           Power      Damage    Failure   Level
a - Foxfire               Conj/Fire      36%        2x1d5     8%          1

Your spell library contained the following spells:

 Spells                   Type           Power      Damage    Failure   Level
 Scorch                   Fire           26%        2d6       7%          2
 Conjure Flame            Conj/Fire      9%         6-21      24%         3
 Inner Flame              Hex/Fire       7%         N/A       28%         3
 Flame Wave               Conj/Fire      9%         2d5       61%         4


Dungeon Overview and Level Annotations

Branches:
Dungeon (1/15)

Altars:
Trog

Shops:
D:1 :


Innate Abilities, Weirdness & Mutations

You cannot wear most types of armour.
You are amphibious.
You can wear up to eight rings at the same time.
Your skin changes colour to match your surroundings (Stealth+).
Your rubbery body absorbs attacks. (AC +1, EV +1)
((You are camouflaged when in or above water. (Stealth+)))
You have tentacles for arms and can constrict up to eight enemies at once.


Message History

The giant cockroach closely misses you.
The giant cockroach waves its antennae.
The giant cockroach barely misses you. The giant cockroach bites you.
The giant cockroach barely misses you. The giant cockroach barely misses you.
The giant cockroach misses you. The giant cockroach bites you.
The giant cockroach bites you but does no damage.
The giant cockroach barely misses you. The giant cockroach closely misses you.
The giant cockroach bites you but does no damage.
The giant cockroach barely misses you. The giant cockroach barely misses you.
The giant cockroach completely misses you.
The giant cockroach closely misses you. The giant cockroach bites you.
The giant cockroach bites you. The giant cockroach closely misses you.
The giant cockroach barely misses you.
The giant cockroach completely misses you.
The giant cockroach bites you. The giant cockroach barely misses you.
The giant cockroach bites you but does no damage.
The giant cockroach bites you.
* * * LOW HITPOINT WARNING * * *
The giant cockroach bites you.
* * * LOW HITPOINT WARNING * * *
The giant cockroach barely misses you. The giant cockroach closely misses you.
The giant cockroach misses you. The giant cockroach bites you.
* * * LOW HITPOINT WARNING * * *
The giant cockroach misses you. The giant cockroach bites you.
* * * LOW HITPOINT WARNING * * *
The giant cockroach closely misses you. The giant cockroach closely misses you.
The giant cockroach bites you.
You die...

# #. #..######
#...8...#
#..8.8B.#####
#.8...8@....#
#8..∩..8##.##
..8...8.##.#
...8.8..##.#
#...8...##>#
........##.#
###################.#
...........# #.#
##########.########.#


You could see a giant cockroach.

Vanquished Creatures
  2 endoplasms (D:1)
  2 hobgoblins (D:1)
  3 jackals (D:1)
7 creatures vanquished.

Vanquished Creatures (others)
  19 foxfires (D:1)
19 creatures vanquished.

Grand Total: 26 creatures vanquished

Notes
Turn   | Place    | Note
-------+----------+-------------------------------------------
     0 | D:1      | Cecur the Octopode Fire Elementalist began the quest for
                  | the Orb.
     0 | D:1      | Reached XP level 1. HP: 11/11 MP: 3/3
   323 | D:1      | Reached XP level 2. HP: 2/17 MP: 1/5
   619 | D:1      | Found a faded altar of an unknown god.
   643 | D:1      | Prayed at the altar of an unknown god.
   643 | D:1      | Became a worshipper of Trog the Wrathful
   643 | D:1      | Reached * piety under Trog
   820 | D:1      | Found Washes's Book Shoppe.
   872 | D:1      | Slain by a giant cockroach

Illustrated notes

Levels and vault maps discovered:
D:1:      dpeg_arrival_refuge, layout_basic, hellmonk_ecumenical_altar_lost_god,
          serial_shops, nicolae_diamond_shop

Action                   || total
-------------------------++-------
Melee: Unarmed           ||    11
       Constrict         ||     3
       Tentacles         ||     2
 Cast: Foxfire           ||    11
Armor: Skin              ||     4
Dodge: Dodged            ||    40

Table legend: (Time is in decaauts)
 A = Elapsed time spent in this place.
 B = Non-inter-level travel time spent in this place.
 C = Inter-level travel time spent in this place.
 D = Time resting spent in this place.
 E = Time spent auto-exploring this place.
 F = Levels seen in this place.
 G = Mean time per level.
                   A        B        C        D        E       F      G
               +--------+--------+--------+--------+--------+-----+--------+
         Total |    872 |    872 |      0 |      0 |    727 |   1 |  872.0 |
       Dungeon |    872 |    872 |      0 |      0 |    727 |   1 |  872.0 |
               +--------+--------+--------+--------+--------+-----+--------+

Top non-repeatable levels by time:
     D:1: 872 daAuts
